 Dungeon Crawl Stone Soup version 0.20-a0-369-g71b9d6e (webtiles) character file.

8288 Duffy the Cleaver (level 11, -2/100 HPs)
             Began as a Naga Wanderer on Dec 27, 2016.
             Was an Elder of Cheibriados.
             Slain by ThermosAquaticus's ghost (12 damage)
             ... on level 10 of the Dungeon.
             The game lasted 00:18:56 (13040 turns).

Duffy the Cleaver (Naga Wanderer)                  Turns: 13040, Time: 00:18:57

Health: -2/100     AC: 16    Str: 30    XL:     11   Next: 28%
Magic:  16/16      EV:  6    Int: 22    God:    Cheibriados [****..]
Gold:   543        SH:  0    Dex: 21    Spells: 10/10 levels left

rFire  . . .     SeeInvis +     c - +4 war axe (freeze)
rCold  . . .     Gourm    +     M - +0 plate armour
rNeg   . . .     Faith    .     (no shield)
rPois  +         Spirit   .     r - +0 helmet
rElec  .         Reflect  .     G - +1 cloak
rCorr  .         Harm     .     (no gloves)
MR     +....                    (no barding)
Stlth  ..........               m - amulet of the gourmand
                                (no ring)
                                z - ring of loudness (curse)

@: mighty, very slow
A: see invisible, deformed body, poison resistance, slowness 2, slow metabolism
1, spit poison 1, AC +3
a: Spit Poison, Bend Time, Temporal Distortion, Slouch, Renounce Religion


You were on level 10 of the Dungeon.
You worshipped Cheibriados.
Cheibriados was greatly pleased with you.
You were very full.

You visited 2 branches of the dungeon, and saw 13 of its levels.

You collected 598 gold pieces.
You spent 55 gold pieces at shops.

Inventory:

Hand Weapons
 a - a +1 dagger of venom
 b - a +1 dire flail of protection
 c - a +4 war axe of freezing (weapon)
 i - a +0 hand crossbow
 H - a +4 scimitar of flaming
 L - a +2 dagger of electrocution
Missiles
 p - 11 javelins (quivered)
 D - 81 bolts
 N - 2 throwing nets {!f}
Armour
 r - a +0 helmet (worn)
 B - a +0 scale mail of magic resistance
 G - a +1 cloak (worn)
 M - a +0 plate armour (worn)
Jewellery
 m - an amulet of the gourmand (around neck)
 z - a cursed ring of loudness (left hand)
Wands
 h - a wand of confusion (10/48)
 u - a wand of acid (5/15)
 F - a wand of flame (36/48)
 I - a wand of acid (11/15)
 R - a wand of confusion (19/48)
 T - a wand of digging (7/24)
Scrolls
 e - 4 scrolls of teleportation
 s - 2 scrolls of enchant armour
 v - a scroll of noise {unknown}
 w - 2 scrolls of blinking
 x - 2 scrolls of fog {unknown}
 y - 3 scrolls of enchant weapon
 A - a scroll of fear
 C - 4 scrolls of remove curse
 J - a scroll of magic mapping {unknown}
 K - a scroll of immolation {unknown}
 U - a scroll of recharging {unknown}
Potions
 d - a potion of magic
 g - a potion of brilliance
 j - 3 potions of flight
 k - a potion of curing
 l - 4 potions of might
 n - 2 potions of ambrosia
Books
 O - a book of Enchantments

   Spells                             Type                      Level
   a - Cause Fear                     Hexes                        4
   b - Yara's Violent Unravelling     Hexes/Transmutation          5
   c - Silence                        Hexes/Air                    5
   d - Deflect Missiles               Charms/Air                   6
   e - Discord                        Hexes                        8
Miscellaneous
 S - a lamp of fire
Comestibles
 f - 9 bread rations
 o - 2 meat rations
 q - 3 slices of pizza
 t - 4 fruits
 E - 3 beef jerkies
 P - 2 royal jellies


   Skills:
 - Level 7.2 Fighting
 + Level 10.2 Axes
 - Level 2.6 Crossbows
 + Level 8.4 Armour
 - Level 1.5 Stealth
 + Level 3.7 Invocations
 - Level 6.8 Evocations


You had 10 spell levels left.
You didn't know any spells.

Dungeon Overview and Level Annotations

Branches:
Dungeon (12/15)            Temple (1/1) D:4            Lair (0/6) D:8
    Orc: D:9-12

Altars:
Ashenzari
Cheibriados
Dithmenos
Elyvilon
Fedhas
Gozag
Hepliaklqana
Kikubaaqudgha
Makhleb
Nemelex Xobeh
Okawaru
Qazlal
Ru
Sif Muna
Trog
Uskayaw
Vehumet
Xom
Yredelemnul
Zin
The Shining One

Shops:
D:6 *

Annotations:
D:10 ThermosAquaticus's ghost, journeyman NaFE


Innate Abilities, Weirdness & Mutations

You cannot wear boots.
Your serpentine skin is tough. (AC +3)
You have supernaturally acute eyesight. (SInv)
Armour fits poorly on your strangely shaped body.
Your system is resistant to poisons. (rPois)
You cover ground very slowly.
You have a slow metabolism.
You can spit poison.


Message History

You closely miss ThermosAquaticus's ghost.
ThermosAquaticus's ghost is severely damaged.
ThermosAquaticus's ghost hits you.
You feel very mighty all of a sudden.
ThermosAquaticus's ghost hits you but does no damage.
You hit ThermosAquaticus's ghost.
ThermosAquaticus's ghost is severely damaged.
ThermosAquaticus's ghost hits you but does no damage.
You slash ThermosAquaticus's ghost! You freeze ThermosAquaticus's ghost.
ThermosAquaticus's ghost is almost destroyed.
ThermosAquaticus's ghost hits you but does no damage.
You barely miss ThermosAquaticus's ghost.
ThermosAquaticus's ghost is almost destroyed.
ThermosAquaticus's ghost hits you but does no damage.
You are electrocuted!
You closely miss ThermosAquaticus's ghost.
ThermosAquaticus's ghost is almost destroyed.
ThermosAquaticus's ghost hits you but does no damage.
You are electrocuted!
You die...

#.#
####.##.###
#.#
#..........
#.#
#.##.##.###
#.# #.# .#
#.# #.# .#
#.# #.# .#
######.###.#
.#
#.......##W#
##
#.......##@#
#.......##.#
#.......##.#
#.......##.#
######.###.#
#.# #.# #.#
#.# #.# #.#
#.# #.#


You could see ThermosAquaticus's ghost.

Vanquished Creatures
  Erica (D:8)
  An ugly thing (D:12)
  Psyche (D:9)
  3 trolls
  Prince Ribbit (D:5)
  2 hippogriffs
  Sigmund (D:3)
  6 yaks (D:9)
  Menkaure (D:7)
  The ghost of Uhlv the Skirmisher, an amateur GrWn of Trog (D:4)
  Edmund (D:4)
  A water moccasin (D:6)
  An orc warrior (D:8)
  2 sky beasts
  4 ice beasts
  A black bear (D:6)
  A hornet zombie (D:9)
  2 eyes of draining (D:8)
  A phantom (D:9)
  3 centaurs
  A big kobold (D:9)
  Blork the orc (D:4)
  5 bullfrogs
  2 gnoll sergeants (D:10)
  A wyvern zombie (D:8)
  4 scorpions
  A water moccasin skeleton (D:9)
  3 killer bees (D:3)
  A howler monkey (D:6)
  3 crimson imps
  A bullfrog zombie (D:5)
  Crazy Yiuf (D:5)
  2 centaur skeletons
  2 orc priests
  6 hounds
  3 bullfrog skeletons
  2 iguanas
  Terence (D:1)
  Natasha (twice) (D:4)
  8 orc wizards
  6 worker ants
  A hound zombie (D:6)
  2 hound skeletons
  A worker ant zombie (D:9)
  26 gnolls
  18 adders
  2 oozes
  An adder zombie (D:7)
  3 adder skeletons
  3 worms
  3 dart slugs
  9 leopard geckos
  25 orcs
  A ball python (D:4)
  3 giant cockroaches
  12 goblins
  13 hobgoblins
  8 jackals
  10 kobolds
  9 quokkas
  6 bats
  5 frilled lizards
  A leopard gecko skeleton (D:8)
  A quokka skeleton (D:5)
  11 rats
265 creatures vanquished.

Notes
Turn   | Place    | Note
-------+----------+-------------------------------------------
     0 | D:1      | Duffy the Naga Wanderer began the quest for the Orb.
     0 | D:1      | Duffy set off with: a wand of confusion (15/48), a +0 hand crossbow, 27 bolts, a potion of lignification, a +0 robe, a bread ration
     0 | D:1      | Reached XP level 1. HP: 22/22 MP: 1/1
   137 | D:1      | Reached XP level 2. HP: 15/31 MP: 2/2
   441 | D:1      | Reached XP level 3. HP: 37/38 MP: 3/3
   477 | D:1      | Reached skill level 5 in Fighting
   826 | D:2      | Noticed Terence
   851 | D:1      | Killed Terence
   851 | D:1      | Reached XP level 4. HP: 13/46 MP: 4/4
  1947 | D:2      | Reached XP level 5. HP: 55/55 MP: 5/5
  2064 | D:3      | Reached skill level 6 in Fighting
  2064 | D:3      | Reached skill level 2 in Armour
  2519 | D:3      | Found a faded altar of an unknown god.
  2564 | D:3      | Reached XP level 6. HP: 63/63 MP: 6/6
  2778 | D:3      | Reached skill level 3 in Armour
  2989 | D:3      | Noticed Sigmund
  3004 | D:3      | Killed Sigmund
  3004 | D:3      | Reached skill level 7 in Fighting
  3004 | D:3      | Reached XP level 7. HP: 24/72 MP: 7/7
  3412 | D:4      | Noticed Edmund
  3434 | D:4      | Killed Edmund
  3434 | D:4      | Reached skill level 4 in Armour
  3434 | D:4      | Reached skill level 2 in Evocations
  3897 | D:4      | Noticed Blork the orc
  3912 | D:4      | Killed Blork the orc
  4124 | D:4      | Noticed Uhlv's ghost (amateur GrWn)
  4587 | D:4      | Found a sparkling altar of Nemelex Xobeh.
  4641 | D:5      | Entered Level 5 of the Dungeon
  4650 | D:5      | Reached skill level 3 in Evocations
  4650 | D:5      | Reached XP level 8. HP: 75/80 MP: 10/10
  4677 | D:5      | Reached skill level 1 in Axes
  5036 | D:5      | Reached skill level 2 in Axes
  5118 | D:5      | Found a shimmering altar of Xom.
  5203 | D:5      | Noticed Prince Ribbit
  5230 | D:5      | Killed Prince Ribbit
  5230 | D:5      | Reached skill level 3 in Axes
  5230 | D:5      | Reached skill level 4 in Evocations
  5511 | D:5      | Found a runed door.
  6072 | D:5      | Noticed Crazy Yiuf
  6073 | D:5      | Reached skill level 4 in Axes
  6073 | D:5      | Reached skill level 5 in Evocations
  6075 | D:5      | Killed Crazy Yiuf
  6357 | D:6      | Reached XP level 9. HP: 73/86 MP: 13/13
  6439 | D:6      | Reached skill level 5 in Axes
  6439 | D:6      | Reached skill level 6 in Evocations
  6651 | D:6      | Found Jiredierr's General Store.
  6766 | D:6      | Bought a scroll of identify for 22 gold pieces
  6766 | D:6      | Bought a potion of lignification for 33 gold pieces
  7275 | D:6      | Reached skill level 6 in Axes
  7683 | D:4      | Found a staircase to the Ecumenical Temple.
  7691 | Temple   | Entered the Ecumenical Temple
  7852 | Temple   | Became a worshipper of Cheibriados the Contemplative
  8221 | D:4      | Killed Uhlv's ghost
  8312 | D:4      | Noticed a troll
  8319 | D:4      | Killed a troll
  8319 | D:4      | Reached skill level 5 in Armour
  8551 | D:4      | Noticed Natasha
  8555 | D:4      | Killed Natasha
  8952 | D:4      | Noticed Natasha
  8955 | D:4      | Killed Natasha
  9382 | D:7      | Noticed Menkaure
  9385 | D:7      | Killed Menkaure
  9385 | D:7      | Reached skill level 7 in Axes
  9682 | D:7      | Reached * piety under Cheibriados
 10006 | D:7      | Reached skill level 6 in Armour
 10006 | D:7      | Reached XP level 10. HP: 66/94 MP: 15/15
 10330 | D:8      | Reached skill level 8 in Axes
 10629 | D:8      | Reached ** piety under Cheibriados
 10711 | D:8      | Noticed Erica
 10724 | D:8      | Killed Erica
 11167 | D:8      | Reached skill level 7 in Armour
 11331 | D:8      | Found a staircase to the Lair.
 11421 | D:9      | You fall through a shaft for 3 floors!
 11471 | D:12     | Noticed a brown ugly thing
 11485 | D:12     | Killed a brown ugly thing
 11485 | D:12     | Reached skill level 9 in Axes
 11837 | D:10     | Entered Level 10 of the Dungeon
 12044 | D:9      | Reached *** piety under Cheibriados
 12244 | D:9      | Reached skill level 1 in Invocations
 12313 | D:9      | Noticed Psyche
 12323 | D:9      | Killed Psyche
 12323 | D:9      | Reached skill level 8 in Armour
 12323 | D:9      | Reached skill level 2 in Invocations
 12323 | D:9      | Reached XP level 11. HP: 93/100 MP: 16/16
 12386 | D:9      | Reached skill level 10 in Axes
 12591 | D:9      | Reached skill level 3 in Invocations
 12750 | D:9      | Reached **** piety under Cheibriados
 12957 | D:10     | Found a sparkling altar of Nemelex Xobeh.
 13014 | D:10     | Noticed ThermosAquaticus's ghost (journeyman NaFE)
 13040 | D:10     | Slain by ThermosAquaticus's ghost

Vault maps used:
D:1:      evilmike_arrival_crescent, minivault_14
D:2:      first_bread, uniq_terence
D:3:      chequers_ecumenical_altar_grove, feat_on_display, uniq_sigmund
D:4:      nemelex_spade_bored_becter, uniq_blork_the_orc, uniq_natasha,
          uniq_edmund
D:5:      lemuel_tele_altar, uniq_prince_ribbit1, uniq_crazy_yiuf_cottage
D:6:      serial_shops, shop
D:7:      uniq_menkaure
D:8:      lair_entry_dummy, uniq_erica
D:9:      uniq_psyche
D:10:     orc_0_dummy, david_nohive_1, lemuel_statue_altar
D:12:     uniq_rupert
Temple:   kilobyte_greek_temple

Skill      XL: |  1  2  3  4  5  6  7  8  9 10 11 |
---------------+----------------------------------+-----
Fighting       | 5 6 7 |  7.2
Armour         | 2 3 4 6 8 |  8.4
Evocations     | 3 5 6 |  6.8
Axes           | 4 7 9 10 | 10.2
Invocations    | 2 3 |  3.7
Crossbows      | |  2.6
Stealth        | |  1.5

Action                   |  1- 3 |  4- 6 |  7- 9 | 10-12 || total
-------------------------+-------+-------+-------+-------++-------
Melee: Dagger            |    64 |   206 |   100 |       ||   370
       Dire flail        |       |       |    68 |       ||    68
       War axe           |       |       |   214 |   224 ||   438
 Fire: Hand crossbow     |     5 |     3 |       |       ||     8
Throw: Javelin           |       |       |     4 |       ||     4
 Abil: Spit Poison       |    13 |    16 |    13 |     1 ||    43
Evoke: Wand              |       |       |     1 |     6 ||     7
  Use: Scroll            |       |     4 |    12 |     7 ||    23
       Potion            |       |     1 |     3 |     4 ||     8
 Stab: Invisible         |       |       |     2 |       ||     2
       Confused          |       |       |       |     1 ||     1
  Eat: Chunk             |       |     7 |    17 |    14 ||    38
       Royal jelly       |       |       |     1 |       ||     1
Armor: Ring mail         |    27 |     8 |       |       ||    35
       Leather armour    |     1 |       |       |       ||     1
       Chain mail        |       |   138 |    14 |       ||   152
       Skin              |       |    25 |    10 |       ||    35
       Scale mail        |       |       |   213 |    16 ||   229
       Plate armour      |       |       |       |   142 ||   142
Dodge: Dodged            |    40 |    44 |   123 |    43 ||   250
